 Dungeon Sprint DCSS version 0.29-a0-350-g7790a0e70a (webtiles) character file.

Game seed: 13953404654191511910

9980 mhtbhm the Executioner (level 11, -1/119 HPs)
             Began as a Minotaur Berserker on Apr 22, 2022.
             Was the Champion of Trog.
             Slain by an orc knight
             ... wielding a +0 long sword
              (24 damage)
             ... in the Dungeon (Sprint IX: "|||||||||||||||||||||||||||||").
             The game lasted 00:02:50 (2114 turns).

mhtbhm the Executioner (Minotaur Berserker)         Turns: 2114, Time: 00:02:51

Health: -1/119     AC: 14    Str: 28    XL:     11   Next: 30%
Magic:  10/10      EV: 14    Int:  4    God:    Trog [******]
Gold:   661        SH:  0    Dex: 11    Spells: 10/10 levels left

rFire   + . .      SeeInvis .   a - +9 executioner's axe of the Peculiar Invaders {vorpal, rF+}
rCold   . . .      Faith    .   (shield currently unavailable)
rNeg    . . .      Spirit   .   b - +1 scale mail
rPois   +          Reflect  .   x - +1 hat {Stlth+}
rElec   .          Harm     .   k - +0 cloak
rCorr   .          Rampage  .   u - +0 pair of gloves
Will    .....      NoTele   +   (no boots)
Stlth   +.........              (no amulet)
HPRegen 0.29/turn               l - +3 ring of strength
MPRegen 0.12/turn               p - ring of poison resistance

@: on berserk cooldown, slowed, very slow
A: horns 2, retaliatory headbutt
a: Renounce Religion, Berserk, Trog's Hand, Brothers in Arms


You were in the Dungeon.
You worshipped Trog.
Trog was exalted by your worship.
You visited 1 branch You collected 661 gold pieces.

Inventory:

Hand Weapons
 a - the +9 executioner's axe of the Peculiar Invaders (weapon) {vorpal, rF+}
   (Trog gifted it to you in the Dungeon)

   It inflicts extra damage upon your enemies.
   rF:        It protects you from fire.
Missiles
 o - 4 javelins (quivered)
 v - 3 boomerangs
 y - 2 curare-tipped darts
Armour
 b - a +1 scale mail (worn)
 k - a +0 cloak (worn)
 u - a +0 pair of gloves (worn)
 x - a +1 hat of stealth (worn)
Jewellery
 l - a +3 ring of strength (left hand)
 m - a +3 ring of strength
 n - a ring of protection from cold
 p - a ring of poison resistance (right hand)
Wands
 j - a wand of acid (5)
Scrolls
 h - 2 scrolls of blinking
 q - 2 scrolls of identify
 r - a scroll of fear
 s - 2 scrolls of enchant armour
 t - 2 scrolls of enchant weapon
Potions
 c - 6 potions of curing
 d - 3 potions of heal wounds
 e - a potion of haste
 f - 4 potions of magic
 g - 7 potions of berserk rage
 i - a potion of invisibility
 w - a potion of might {unknown}


   Skills:
 + Level 18.2 Fighting
 + Level 22.1 Axes
 + Level 12.9 Armour
 + Level 10.7 Dodging
 + Level 0.2 Stealth
 + Level 2.0 Evocations


You had 10 spell levels left.
You didn't know any spells.
Your spell library was empty.

Dungeon Overview and Level Annotations

Branches:
Dungeon (1/1)

Altars:
Cheibriados
Dithmenos
Elyvilon
Fedhas
Gozag
Hepliaklqana
Kikubaaqudgha
Makhleb
Nemelex Xobeh
Okawaru
Qazlal
Ru
Sif Muna
Trog
Uskayaw
Vehumet
Wu Jian
Xom
Yredelemnul
Zin
The Shining One
Beogh
Jiyva
Lugonu


Innate Abilities, Weirdness & Mutations

You have a pair of horns on your head.
You reflexively headbutt those who attack you in melee.


Message History

Unknown command.
You barely miss the orc knight. Your headbutt misses the orc knight.
The orc knight is lightly wounded.
The orc no longer looks unusually strong.
The orc knight hits you with a +0 long sword.
Unknown command.
You closely miss the orc knight.
The orc knight roars a battlecry!
The orc goes into a battle-frenzy!
Unknown command.
You barely miss the orc knight.
The orc warrior no longer looks unusually strong.
The orc knight roars a battlecry!
The orc warrior goes into a battle-frenzy!
The orc knight closely misses you.
Unknown command.
You hit the orc knight. You headbutt the orc knight.
The orc knight is lightly wounded.
The orc knight hits you with a +0 long sword!
Unknown command.
You slash the orc knight!
The orc knight is heavily wounded.
The orc knight hits you with a +0 long sword!!
* * * LOW HITPOINT WARNING * * *
Unknown command.
You barely miss the orc knight.
The orc knight is heavily wounded.
The orc knight closely misses you.
Unknown command.
You slash the orc knight!
The orc knight is almost dead.
The orc knight misses you.
Unknown command.
Unknown command.
You closely miss the orc knight.
The orc knight is almost dead.
The orc knight hits you with a +0 long sword!
* * * LOW HITPOINT WARNING * * *
The orc knight hits you with a +0 long sword!!
You die...

▓'▓.▓†▓.▓
▓_▓.▓.▓.▓+▓
▓_▓.▓.▓.▓.▓
▓_▓.▓.▓.▓.▓
▓_▓.▓.▓.▓.▓
▓_▓.▓.▓.▓o▓
▓_▓.▓.▓.▓o▓
▓_▓.▓†▓.▓o▓
▓_▓.▓)▓.▓@▓
▓_▓.▓.▓.▓)▓
▓_▓.▓)▓.▓)▓
▓_▓.▓.▓.▓)▓
▓_▓.▓.▓.▓)▓
▓_▓.▓.▓.▓)▓
▓_▓.▓.▓.▓)▓
▓_▓.▓.▓.▓.▓
▓_▓.▓.▓.▓.▓


You could see an orc knight, an orc warrior (strong) and an orc (strong).

Vanquished Creatures
  Gastronok (D)
  A hydra (D)
  An orc high priest (D)
  Sonja (D)
  2 orc sorcerers (D)
  A cyclops (D)
  A black mamba (D)
  Joseph (D)
  3 cane toads (D)
  A komodo dragon (D)
  2 rime drakes (D)
  A tengu conjurer (D)
  A polar bear (D)
  A queen bee (shapeshifter) (D)
  A blink frog (D)
  3 yaks (D)
  2 basilisks (D)
  A steam dragon (D)
  2 wargs (D)
  An acid dragon (D)
  2 water moccasins (D)
  5 orc warriors (D)
  A centaur (D)
  6 wolves (D)
  4 bullfrogs (D)
  A killer bee (D)
  A howler monkey (D)
  A hound (D)
  A jelly (D)
  5 orc priests (D)
  A gnoll (D)
  An adder (D)
  A dart slug (D)
  9 orcs (D)
  A hobgoblin (D)
  A quokka (D)
  A frilled lizard (D)
  A kobold (D)
  A rat (D)
72 creatures vanquished.

Vanquished Creatures (others)
  An orc (D)
1 creature vanquished.

Grand Total: 73 creatures vanquished

Notes
Turn   | Place    | Note
-------+----------+-------------------------------------------
     0 | D        | mhtbhm the Minotaur Berserker began the quest for the Orb.
     0 | D        | Reached XP level 1. HP: 19/19 MP: 0/0
     8 | D        | Reached skill level 4 in Axes
    10 | D        | Reached ** piety under Trog
    18 | D        | Noticed a hound
    18 | D        | Noticed a jelly
    20 | D        | Killed a jelly
    21 | D        | Reached skill level 5 in Fighting
    21 | D        | Reached skill level 6 in Axes
    21 | D        | Reached XP level 2. HP: 27/30 MP: 1/1
    21 | D        | Reached XP level 3. HP: 33/37 MP: 2/2
    27 | D        | Reached *** piety under Trog
    28 | D        | Reached skill level 7 in Axes
    33 | D        | Reached XP level 4. HP: 7/45 MP: 3/3
   102 | D        | Found a snail-covered altar of Cheibriados.
   102 | D        | Found a shadowy altar of Dithmenos.
   102 | D        | Found a white marble altar of Elyvilon.
   102 | D        | Found a blossoming altar of Fedhas.
   102 | D        | Found an opulent altar of Gozag.
   103 | D        | Found a hazy altar of Hepliaklqana.
   104 | D        | Found a viscous altar of Jiyva.
   105 | D        | Found an ancient bone altar of Kikubaaqudgha.
   106 | D        | Found a corrupted altar of Lugonu.
   107 | D        | Found a burning altar of Makhleb.
   108 | D        | Found a sparkling altar of Nemelex Xobeh.
   109 | D        | Found an iron altar of Okawaru.
   110 | D        | Found a stormy altar of Qazlal.
   111 | D        | Found a sacrificial altar of Ru.
   112 | D        | Found a shimmering blue altar of Sif Muna.
   113 | D        | Found a bloodstained altar of Trog.
   114 | D        | Found a hide-covered altar of Uskayaw.
   115 | D        | Found a radiant altar of Vehumet.
   116 | D        | Found an ornate altar of the Wu Jian Council.
   117 | D        | Found a shimmering altar of Xom.
   118 | D        | Found a basalt altar of Yredelemnul.
   119 | D        | Found a glowing silver altar of Zin.
   120 | D        | Found a glowing golden altar of the Shining One.
   319 | D        | Noticed a yak
   319 | D        | Noticed a yak
   319 | D        | Noticed a steam dragon
   319 | D        | Noticed a centaur
   323 | D        | Killed a centaur
   324 | D        | Reached skill level 9 in Axes
   324 | D        | Reached XP level 5. HP: 56/56 MP: 4/4
   329 | D        | Killed a steam dragon
   329 | D        | Reached **** piety under Trog
   330 | D        | Reached skill level 10 in Axes
   330 | D        | Reached skill level 5 in Armour
   330 | D        | Reached skill level 5 in Dodging
   330 | D        | Reached XP level 6. HP: 66/66 MP: 5/5
   332 | D        | Reached skill level 10 in Fighting
   332 | D        | Reached skill level 11 in Axes
   335 | D        | Killed a yak
   336 | D        | Reached skill level 12 in Axes
   337 | D        | Reached XP level 7. HP: 74/74 MP: 6/6
   338 | D        | Killed a yak
   339 | D        | Reached skill level 13 in Axes
   432 | D        | Noticed a salamander
   432 | D        | Noticed a seven-headed hydra
   432 | D        | Noticed a tengu conjurer
   432 | D        | Noticed a cyclops
   437 | D        | Killed a cyclops
   438 | D        | Reached skill level 14 in Axes
   438 | D        | Reached XP level 8. HP: 85/85 MP: 7/7
   444 | D        | Killed a 13-headed hydra
   444 | D        | Reached ***** piety under Trog
   445 | D        | Reached skill level 15 in Axes
   454 | D        | Killed a tengu conjurer
   455 | D        | Reached skill level 16 in Axes
   455 | D        | Noticed a queen bee
   455 | D        | a salamander changed into a queen bee
   457 | D        | Killed a queen bee
   457 | D        | Received a gift from Trog
   458 | D        | Reached XP level 9. HP: 50/96 MP: 8/8
   806 | D        | Noticed a cane toad
   806 | D        | Noticed a cane toad
   806 | D        | Noticed a komodo dragon
   806 | D        | Noticed a black mamba
   806 | D        | Noticed a cane toad
   813 | D        | Killed a cane toad
   814 | D        | Reached skill level 15 in Fighting
   814 | D        | Reached skill level 17 in Axes
   817 | D        | Killed a black mamba
   825 | D        | Killed a komodo dragon
   826 | D        | Reached skill level 18 in Axes
   831 | D        | Killed a cane toad
   833 | D        | Killed a cane toad
   840 | D        | Reached ****** piety under Trog
   841 | D        | Reached skill level 19 in Axes
   841 | D        | Reached XP level 10. HP: 22/107 MP: 9/9
  1265 | D        | Received a gift from Trog
  1269 | D        | Reached skill level 10 in Armour
  1295 | D        | Received a gift from Trog
  1298 | D        | Reached skill level 20 in Axes
  1442 | D        | Received a gift from Trog
  1503 | D        | Noticed Sonja
  1509 | D        | Killed Sonja
  1510 | D        | Reached skill level 10 in Dodging
  1512 | D        | Noticed Gastronok
  1523 | D        | Killed Gastronok
  1524 | D        | Reached skill level 21 in Axes
  1524 | D        | Reached skill level 1 in Evocations
  1524 | D        | Reached XP level 11. HP: 88/117 MP: 10/10
  1638 | D        | Noticed Joseph
  1650 | D        | Killed Joseph
  1650 | D        | Identified the +9 executioner's axe of the Peculiar
                  | Invaders {vorpal, rF+} (Trog gifted it to you in the
                  | Dungeon)
  1650 | D        | Received a gift from Trog
  1881 | D        | Received a gift from Trog
  2069 | D        | Noticed an orc sorcerer
  2074 | D        | Noticed an orc sorcerer
  2074 | D        | Noticed an orc high priest
  2076 | D        | Killed an orc sorcerer
  2076 | D        | Received a gift from Trog
  2077 | D        | Noticed an orc knight
  2097 | D        | Killed an orc sorcerer
  2097 | D        | Identified the +8 battleaxe of the Puffin {flame, rF+ rC++
                  | Int-2} (Trog gifted it to you in the Dungeon)
  2097 | D        | Received a gift from Trog
  2105 | D        | Noticed a sixfirhy
  2105 | D        | Killed an orc high priest
  2106 | D        | Reached skill level 22 in Axes
  2114 | D        | Slain by an orc knight

Illustrated notes

Levels and vault maps discovered:
D:        linesprint [early_d, line_temple, items_1, d_10, items_2, lair_1,
          lair_end, items_3, orc_1, orc_end, items_4, d_15, swamp_1, shoals_1,
          snake_1, spider_1, d_20, vaults_1, items_5, swamp_end, shoals_end,
          snake_end, spider_end, vaults_end, d_27, items_6, zot_1, zot_end,
          crypt_end, forest_end, elf_end, slime_end, tomb_end, abyss_end,
          pan_hell_end]

Skill      XL: |  1  2  3  4  5  6  7  8  9 10 11 |
---------------+----------------------------------+-----
Fighting       | 5 6 8 9 11 12 14 15 17 18 | 18.2
Axes           | 6 7 9 10 12 14 16 19 21 22 | 22.1
Armour         | 3 4 5 6 8 9 12 | 12.9
Dodging        | 3 4 5 6 8 9 10 | 10.7
Evocations     | 1 2 |  2.0
Stealth        | |  0.2

Action                   |  1- 3 |  4- 6 |  7- 9 | 10-12 || total
-------------------------+-------+-------+-------+-------++-------
Melee: Hand axe          |    16 |     1 |       |       ||    17
       Headbutt          |     1 |     3 |    16 |    22 ||    42
       Broad axe         |       |    13 |    58 |    62 ||   133
       Punch             |       |     1 |       |       ||     1
       Executioner's axe |       |       |       |    61 ||    61
Invok: Berserk           |     1 |     1 |     1 |     2 ||     5
Evoke: Wand              |       |       |       |     5 ||     5
Armor: Animal skin       |     2 |       |       |       ||     2
       Scale mail        |       |     9 |    14 |    23 ||    46
Dodge: Dodged            |     6 |    14 |    31 |    59 ||   110

Table legend: (Time is in decaauts)
 A = Elapsed time spent in this place.
 B = Non-inter-level travel time spent in this place.
 C = Inter-level travel time spent in this place.
 D = Time resting spent in this place.
 E = Time spent auto-exploring this place.
 F = Levels seen in this place.
 G = Mean time per level.
                   A        B        C        D        E       F      G
               +--------+--------+--------+--------+--------+-----+--------+
         Total |   2088 |   2088 |      0 |   1386 |    138 |   1 | 2088.0 |
       Dungeon |   2088 |   2088 |      0 |   1386 |    138 |   1 | 2088.0 |
               +--------+--------+--------+--------+--------+-----+--------+

Top non-repeatable levels by time:
       D: 2088 daAuts
